 Dungeon Crawl Stone Soup version 0.30-a0-4-ga7cffc901d (webtiles) character file.

Game seed: 4145481260571619748

48 voltaire321 the Sneak (level 3, -2/23 HPs)
             Began as an Octopode Earth Elementalist on Aug 20, 2022.
             Slain by an ice beast (3 damage)
             ... on level 3 of the Dungeon.
             The game lasted 00:03:36 (1914 turns).

voltaire321 the Sneak (Octopode Earth Elementalist) Turns: 1914, Time: 00:03:37

Health: -2/23      AC:  1    Str:  7    XL:     3   Next: 72%
Magic:  2/6        EV: 13    Int: 19    God:
Gold:   105        SH:  0    Dex: 12    Spells: 0/6 levels left

rFire   . . .      SeeInvis .    b - +0 dagger
rCold   . . .      Faith    .    (no shield)
rNeg    . . .      Spirit   .    (helmet restricted)
rPois   +          Reflect  .    (no amulet)
rElec   .          Harm     .    j - ring of poison resistance
rCorr   .          Rampage  .    (no ring)
Will    .....                    (no ring)
Stlth   +++.......               (no ring)
HPRegen 0.07/turn                (no ring)
MPRegen 0.10/turn                (no ring)
                                 (no ring)
                                 (no ring)

@: no status effects
A: almost no armour, amphibious, 8 rings, camouflage 1, gelatinous body 1,
(nimble swimmer 1), tentacles
a: no special abilities


You were on level 3 of the Dungeon.
You visited 1 branch of the dungeon, and saw 3 of its levels.

You collected 105 gold pieces.

Inventory:

Hand Weapons
 b - a +0 dagger (weapon)
Jewellery
 j - a ring of poison resistance (left tentacle)
Scrolls
 e - a scroll of torment {unknown}
 f - 3 scrolls of teleportation {unknown}
 g - a scroll of identify {unknown}
 h - a scroll of fog {unknown}
Potions
 a - a potion of magic
 c - a potion of curing {unknown}
 d - a potion of flight {unknown}
 i - a potion of cancellation {unknown}


   Skills:
 + Level 1.0 Fighting
 + Level 2.3 Dodging
 + Level 3.3 Stealth
 + Level 2.3 Spellcasting
 + Level 0.2 Conjurations
 + Level 1.6 Transmutations
 + Level 3.2 Earth Magic


You couldn't memorise any spells.
You knew the following spells:

 Your Spells              Type           Power      Damage    Failure   Level
a - Sandblast             Erth           28%        2d8       4%          1
b - Passwall              Tmut/Erth      9%         N/A       9%          2
c - Stone Arrow           Conj/Erth      16%        3d8       24%         3

Your spell library contained the following spells:

 Spells                   Type           Power      Damage    Failure   Level
 Slow                     Hex            8%         N/A       17%         1
 Confusing Touch          Hex            2%         N/A       45%         3
 Vampiric Draining        Necr           2%         2d6       45%         3
 Petrify                  Tmut/Erth      11%        N/A       52%         4


Dungeon Overview and Level Annotations

Branches:
Dungeon (3/15)

Altars:
Cheibriados


Innate Abilities, Weirdness & Mutations

You cannot wear most types of armour.
You are amphibious.
You can wear up to eight rings at the same time.
Your skin changes colour to match your surroundings (Stealth+).
Your rubbery body absorbs attacks. (AC +1, EV +1)
((You are camouflaged when in or above water. (Stealth+)))
You have tentacles for arms and can constrict up to eight enemies at once.


Message History

You start resting.
HP restored.
There is a stone staircase leading up, spattered with blood here.
You see here a worm corpse.
A bat comes into view.
The helpless bat fails to defend itself.
You puncture the bat!
You kill the bat!
An ice beast comes into view.
The helpless ice beast fails to defend itself.
You puncture the ice beast!
The ice beast is moderately wounded.
The ice beast hits you. The ice beast freezes you.
Casting: Sandblast (safe; 4% risk of failure)
Confirm with . or Enter, or press ? or * to list all spells.
Aiming: Sandblast (safe; 4% risk of failure)
Press: ? - help, Shift-Dir - straight line, f - ice beast
Aim: an ice beast (moderately wounded, 82% to hit)
The blast of sand hits the ice beast.
The ice beast is moderately wounded.
The ice beast completely misses you.
Casting: Sandblast (safe; 4% risk of failure)
Confirm with . or Enter, or press ? or * to list all spells.
The spell is extremely dangerous to miscast (24% risk of failure)!
Continue anyway?
Aiming: Stone Arrow (extremely dangerous; 24% risk of failure)
Press: ? - help, Shift-Dir - straight line, f/p - ice beast
Aim: an ice beast (moderately wounded, 64% to hit)
The stone arrow misses the ice beast.
The ice beast hits you. The ice beast freezes you!
Ouch! That really hurt!
* * * LOW HITPOINT WARNING * * *
Casting: Stone Arrow (extremely dangerous; 24% risk of failure)
Confirm with . or Enter, or press ? or * to list all spells.
You don't have enough magic to cast this spell.
An ice beast is nearby!
You aren't wearing any pieces of armour.
Unknown command.
Unknown command.
The ice beast attacks as you move away! The ice beast hits you.
You die...

### ...
#.######## #.#
......Y@.# #.#
#.######.# #.#
#.# #.#
####.###.#######
#..............#
#.####.##.##.#.#
# #.##.##.#.#
#.##....#.#
#.##.##.#.#


You could see an ice beast.

Vanquished Creatures
  An adder (D:2)
  A worm (D:3)
  An orc (D:3)
  4 bats
  4 endoplasms (D:1)
  A giant cockroach (D:1)
  2 goblins
  5 hobgoblins
  A quokka (D:1)
  5 ball pythons
  A frilled lizard (D:1)
  3 kobolds
  A rat (D:2)
30 creatures vanquished.

Notes
Turn   | Place    | Note
-------+----------+-------------------------------------------
     0 | D:1      | voltaire321 the Octopode Earth Elementalist began the quest
                  | for the Orb.
     0 | D:1      | Reached XP level 1. HP: 11/11 MP: 3/3
   274 | D:1      | Reached XP level 2. HP: 17/17 MP: 1/5
   460 | D:1      | Learned a level 2 spell: Passwall
   649 | D:2      | Reached XP level 3. HP: 18/22 MP: 2/6
   840 | D:2      | You fall into a shaft and drop 1 floor!
   892 | D:2      | Learned a level 3 spell: Stone Arrow
  1088 | D:2      | Found a snail-covered altar of Cheibriados.
  1645 | D:3      | Reached skill level 1 in Fighting
  1909 | D:3      | Noticed an ice beast
  1913 | D:3      | HP: 1/23 [ice beast (12)]
  1914 | D:3      | Slain by an ice beast

Illustrated notes

Levels and vault maps discovered:
D:1:      heliophobic_arrival_battle_scene, layout_rooms, minmay_fountain_box,
          minmay_misc_feat_room
D:2:      layout_basic, basic_altar
D:3:      layout_loops_cross, gammafunk_ghost_split,
          chequers_ecumenical_altar_simple, uniq_terence

Skill      XL: |  1  2  3 |
---------------+----------+-----
Stealth        | 3 |  3.3
Fighting       | 1 |  1.0
Dodging        | |  2.3
Spellcasting   | |  2.3
Conjurations   | |  0.2
Transmutations | |  1.6
Earth Magic    | |  3.2

Action                   || total
-------------------------++-------
Melee: Dagger            ||     9
       Constrict         ||     2
       Tentacles         ||     2
 Cast: Sandblast         ||    36
       Stone Arrow       ||     1
 Stab: Sleeping          ||     2
Dodge: Dodged            ||     5

Table legend: (Time is in decaauts)
 A = Elapsed time spent in this place.
 B = Non-inter-level travel time spent in this place.
 C = Inter-level travel time spent in this place.
 D = Time resting spent in this place.
 E = Time spent auto-exploring this place.
 F = Levels seen in this place.
 G = Mean time per level.
                   A        B        C        D        E       F      G
               +--------+--------+--------+--------+--------+-----+--------+
         Total |   1930 |   1860 |     70 |    345 |   1248 |   3 |  643.3 |
       Dungeon |   1930 |   1860 |     70 |    345 |   1248 |   3 |  643.3 |
               +--------+--------+--------+--------+--------+-----+--------+

Top non-repeatable levels by time:
     D:2: 1223 daAuts
     D:1: 568 daAuts
     D:3: 138 daAuts
